[Event "Early-Titled-Tuesday-Blitz-May-07-2024"]
[Site "Chess.com"]
[Date "2024.05.07"]
[Round "8"]
[White "Aklan10n"]
[Black "Payyappat"]
[Result "0-1"]
[WhiteElo "2233"]
[BlackElo "2502"]
[TimeControl "180+1"]
[EndTime "9:35:17 PDT"]
[Termination "Payyappat won by resignation"]

1. e4 c6 2. d4 d5 3. exd5 cxd5 4.
c4 Nf6 5. Nc3 Nc6 6. Nf3 g6 7.
Bg5 Be6 8. c5 Bg7 9. h3 O-O 10.
Bb5 Ne4 11. Bf4 Na5 12. Qc2 a6 13. Bd3 Nc6 14. Bxe4 dxe4 15. Qxe4 Nxd4 16. O-O Bf5 17. Qxb7 Qc8 18. Qxe7 Nxf3+ 19. gxf3 Bxh3 20. Rfe1 Qf5 21. Qg5 Rac8 22. Qxf5 Bxf5 23. Bd6 Rfd8 24. Rac1 Bf8 25. Bxf8 Kxf8 26. b4 Rd4 27. a3 a5 28. Nb5 Rd3 29. Nd6 Rc7 30. Re8+ Kg7 31. Re3 Rxd6 32. Rec3 Rd4 33.
b5 h5 34. c6 Rd2 35. b6 Re7 36. b7 Rb2 37. Re3 Rc7 38. Re8 Rbxb7 39. cxb7 Rxc1+ 40. Kh2 Rb1 41. b8=Q Rxb8 42. Rxb8 a4 43. Rb4 Bc2 44. Kg3 g5 45. f4 h4+ 46. Kg4 Bd1+ 47. Kxg5 h3 48.
Rb1 Bf3 49. f5 h2 50. f6+ Kh7 51. Rb4 h1=Q 52. Rh4+ Qxh4+ 53. Kxh4 Kg6 54. Kg3 Bd5 55. Kg4 Kxf6 56. f4 Be6+ 57. Kg3 Bf5 58. Kf3 Ke6 59. Ke3 Kd5 0-1

[Event "Early-Titled-Tuesday-Blitz-May-07-2024"]
[Site "Chess.com"]
[Date "2024.05.07"]
[Round "8"]
[White "toninhojit"]
[Black "Cheer_Down"]
[Result "1-0"]
[WhiteElo "2583"]
[BlackElo "2476"]
[TimeControl "180+1"]
[EndTime "9:35:19 PDT"]
[Termination "toninhojit won on time"]

1. d4 d5 2. c4 e6 3. Nc3 Nf6 4. cxd5 Nxd5 5. e4 Nxc3 6. bxc3 c5 7. Nf3 cxd4 8. cxd4 Bb4+ 9. Bd2 Bxd2+ 10. Qxd2 O-O 11. Bd3 b6 12. O-O Bb7 13. Rfe1 Nc6 14. d5 exd5 15.
e5 h6 16. Qf4 Ne7 17. h4 Rc8 18. h5 Rc3 19. Rad1 Qc8 20. Nd4 Ba6 21. Bf5 Qc4 22.
Bd7 Bc8 23. Bb5 Qb4 24. Rb1 Qc5 25. Rec1 Be6 26. Ba6 Nc6 27. Nb3 Rxc1+ 28. Rxc1 Qa3 29.
Bd3 Rc8 30. Bb1 Qb4 31. Qe3 d4 32. Qd3 Kf8 33. Nd2 Ne7 34. Rf1 Bf5 35. Qe2 Bxb1 36. Rxb1 Qc3 37. e6 fxe6 38. Nb3 Qc4 39. Qf3+ Kg8 40.
Rc1 Qd5 41. Rxc8+ Nxc8 42. Qg3 e5 43. Qg6 Nd6 44. Nd2 d3 45. f3 Qd4+ 46. Kh2 Qd5 47.
Qg4 a5 48. Qd7 b5 49. Ne4 d2 50. Qd8+ Kh7 51. Qd7 1-0

[Event "Early-Titled-Tuesday-Blitz-May-07-2024"]
[Site "Chess.com"]
[Date "2024.05.07"]
[Round "8"]
[White "Slovineanu"]
[Black "Antosha_Chekhonte"]
[Result "0-1"]
[WhiteElo "2460"]
[BlackElo "2578"]
[TimeControl "180+1"]
[EndTime "9:35:19 PDT"]
[Termination "Antosha_Chekhonte won on time"]

1. d4 Nf6 2. Nf3 e6 3. c4 d5 4. e3 b6 5. b3 Bb7 6. Bd3 Bd6 7. O-O O-O 8. Bb2 Nbd7 9. Nc3 a6 10. Rc1 Qe7 11.
a4 c5 12. cxd5 exd5 13. Re1 Ne4 14. Ne2 Rfe8 15. Nf4 g5 16. Nh5 f5 17. dxc5 bxc5 18. Re2 g4 19. Nd2 Bxh2+ 20. Kxh2 Qh4+ 21. Kg1 Qxh5 22. Nf1 Re6 23. Bxe4 fxe4 24. Ng3 Qf7 25. Rec2 Rf8 26.
Qxg4+ Qg6 27. Qh3 Bc8 28. Ne2 Rb6 29. Nf4 Qf5 30. Qg3+ Rg6 31. Nxg6 hxg6 32. Rxc5 Nxc5 33. Rxc5 Be6 34. Rc7 Rf7 35. Rc6 Bd7 36. Rxg6+ Kf8 37. Qd6+ Ke8 38. Rg8+ Rf8 39. Qb8+ Bc8 40. Rxf8+ Kxf8 41.
Qd6+ Kf7 42. Qc7+ Bd7 43. Bd4 Qg4 44. Qc1 Kg6 45. Qf1 a5 46. Qa6+ Be6 47. Qf1 Qf5 48. Bc3 Qf7 49. Bxa5 Qb7 0-1

[Event "Early-Titled-Tuesday-Blitz-May-07-2024"]
[Site "Chess.com"]
[Date "2024.05.07"]
[Round "8"]
[White "stratacticos"]
[Black "LamaChampetre"]
[Result "1-0"]
[WhiteElo "1859"]
[BlackElo "2200"]
[TimeControl "180+1"]
[EndTime "9:35:19 PDT"]
[Termination "stratacticos won by resignation"]

1. b4 d5 2. Bb2 Nf6 3. Nf3 e6 4.
a3 c5 5. b5 d4 6. c3 dxc3 7. Nxc3 Be7 8. e3 O-O 9. Be2 b6 10. O-O Bb7 11. d4 Nbd7 12. Ng5 h6 13. Bf3 Qc7 14. Bxb7 Qxb7 15. Nf3 Rfd8 16. Qe2 Rac8 17.
Rac1 Ne4 18. Nxe4 Qxe4 19. Nd2 Qg6 20. dxc5 Nxc5 21. Bd4 Ne4 22. Rxc8 Rxc8 23. Nxe4 Qxe4 24. f3 Qc2 25. Qxc2 Rxc2 26. Rf2 Rc1+ 27. Rf1 Bxa3 28. Rxc1 Bxc1 29. Kf2 Ba3 30. Ke2 Kf8 31. Kd3 Ke7 32.
Bxg7 h5 33. Bd4 Kd6 34. h4 f5 35. e4 Bc5 36. exf5 exf5 37. Bxc5+ Kxc5 38. g4 fxg4 39. fxg4 hxg4 40. h5 Kxb5 41. h6 a5 42. h7 Kb4 43.
h8=Q a4 44. Qd4+ Ka5 45. Qc3+ Ka6 46. Qb4 b5 47. Kd4 Kb6 48. Kd5 g3 49. Qd4+ Ka5 50.
Kc5 a3 51. Qb4+ Ka6 52. Qxb5+ 1-0

[Event "Early-Titled-Tuesday-Blitz-May-07-2024"]
[Site "Chess.com"]
[Date "2024.05.07"]
[Round "8"]
[White "MikeWizard"]
[Black "BashirliSaadat"]
[Result "0-1"]
[WhiteElo "2052"]
[BlackElo "2397"]
[TimeControl "180+1"]
[EndTime "9:35:22 PDT"]
[Termination "BashirliSaadat won by checkmate"]

1. d4 d5 2. c4 e6 3. Nc3 c6 4.
e3 Nf6 5. Nf3 Bd6 6. Bd3 Nbd7 7.
O-O dxc4 8. Bxc4 b5 9. Bb3 Bb7 10. Qd3 O-O 11. Bc2 h6 12. e4 e5 13. d5 Nc5 14. Qe2 b4 15. dxc6 Ba6 16. Nb5 Qb6 17.
Nxd6 Bxe2 18. Re1 Qxc6 19. Nxf7 Bxf3 20. Nxe5 Qb6 21. Nxf3 Rae8 22. e5 Nfd7 23. Bd2 a5 24. Rac1 a4 25. Bg6 Re6 26. Bb1 Na6 27. a3 b3 28. Bd3 Kh8 29. Bc4 Ree8 30. e6 Nf6 31.
e7 Rg8 32. Bxg8 Kxg8 33. Be3 Qd6 34. Nd4 Ng4 35. Nf5 Qxh2+ 36. Kf1 Qh1+ 37. Ke2 Qxg2 38. Rc4 Nxe3 39. Kxe3 Qg6 40. Rf4 Qb6+ 41. Kf3 Qc6+ 42. Kg3 g6 43. Nxh6+ Kg7 44. Ng4 Nc5 45. Rc1 Qd6 46.
Kf3 Rxe7 47. Rcc4 Qd3+ 48. Kg2 Qd5+ 49. Kg1 Nd3 50. Rcd4 Qb5 51. Rfe4 Rxe4 52. Rxe4 Qd5 53. f3 Nc5 54. Rf4 Qd1+ 55. Kg2 Qd2+ 56. Kg3 Qxb2 57. Rc4 Qxa3 58. Ne5 b2 59. Rxc5 Qxc5 60. Nd3 Qd6+ 61. Kf2 Qxd3 62. f4 b1=Q 63. f5 Qbc2+ 64. Ke1 Qdd1# 0-1

[Event "Early-Titled-Tuesday-Blitz-May-07-2024"]
[Site "Chess.com"]
[Date "2024.05.07"]
[Round "8"]
[White "ValentinDragnev"]
[Black "yaguigor"]
[Result "1-0"]
[WhiteElo "2727"]
[BlackElo "2579"]
[TimeControl "180+1"]
[EndTime "9:35:23 PDT"]
[Termination "ValentinDragnev won by resignation"]

1. e4 c5 2. Nf3 Nc6 3. d4 cxd4 4. Nxd4 Nf6 5. Nc3 e6 6. g3 Qb6 7. Nb3 Bb4 8. Bg2 d5 9. O-O Bxc3 10. bxc3 O-O 11. exd5 Nxd5 12. c4 Nde7 13. Bb2 Rd8 14.
Qg4 e5 15. Qe2 Be6 16. Rfe1 Rac8 17. Rad1 Rxd1 18. Rxd1 Rd8 19. Rxd8+ Qxd8 20. h4 h6 21. Nc5 Bc8 22. Nd3 f6 23. f4 Be6 24. fxe5 fxe5 25.
Nxe5 Qb6+ 26. Kh2 Bf5 27. Nxc6 Nxc6 28. Qe8+ Kh7 29. Qf7 Qxb2 30. Qxf5+ Kh8 31. Qf8+ Kh7 32. Be4+ g6 33. Qf7+ Qg7 34. Bxg6+ Kh8 35. Qe8+ Qg8 36. Qxg8+ Kxg8 37. Be4 Nb4 38. a3 Na6 39. Bxb7 Nc5 40.
Bd5+ Kg7 41. g4 Kf6 42. Kg3 Ke5 43. Kf3 a5 44. Ke3 Na4 45. g5 hxg5 46. hxg5 Kf5 47.
Kd4 Kxg5 48. c5 Kf6 49. Bb3 Nb2 50. Ke3 Ke5 51. Kd2 a4 52. Ba2 1-0

[Event "Early-Titled-Tuesday-Blitz-May-07-2024"]
[Site "Chess.com"]
[Date "2024.05.07"]
[Round "8"]
[White "Strong_Prodigy"]
[Black "Matsanovic"]
[Result "1-0"]
[WhiteElo "2501"]
[BlackElo "2581"]
[TimeControl "180+1"]
[EndTime "9:35:23 PDT"]
[Termination "Strong_Prodigy won on time"]

1. d4 Nf6 2. c4 e6 3. Nf3 d5 4.
g3 dxc4 5. Bg2 a6 6. O-O Nc6 7. a4 Bb4 8. Na3 c3 9. Qb3 cxb2 10. Bxb2 a5 11. Nc4 O-O 12. Rfd1 Bd7 13. Nfe5 Nd5 14.
e4 Nde7 15. Rac1 Qc8 16. Nxd7 Qxd7 17. d5 exd5 18. exd5 Nd8 19. d6 cxd6 20. Nb6 Qe6 21. Qxe6 Nxe6 22. Nxa8 Rxa8 23. Bxb7 Rb8 24. Bg2 Nc5 25.
Bc3 Nxa4 26. Bxb4 axb4 27. Rxd6 b3 28. Rcd1 g6 29. Rd8+ Rxd8 30. Rxd8+ Kg7 31. Rb8 b2 32. Be4 Nc3 33. Bc2 b1=Q+ 34. Bxb1 Nxb1 35. Rxb1 h5 36. Kg2 Nf5 37. Kf3 Nd4+ 38. Ke4 Ne6 39. Rb8 Kf6 40. f4 Nc5+ 41. Kd5 Ne6 42. h3 h4 43. gxh4 Nxf4+ 44. Ke4 Nh5 45. Rb6+ Kg7 46. Ke5 Ng3 47. Kd6 Nf5+ 48. Kd7 Nxh4 49. Ke8 Nf5 50. Rc6 Nh6 51. Rc7 1-0

[Event "Early-Titled-Tuesday-Blitz-May-07-2024"]
[Site "Chess.com"]
[Date "2024.05.07"]
[Round "8"]
[White "JiiHart"]
[Black "Kotlyar_K"]
[Result "0-1"]
[WhiteElo "2183"]
[BlackElo "2650"]
[TimeControl "180+1"]
[EndTime "9:35:27 PDT"]
[Termination "Kotlyar_K won on time"]

1. e4 c5 2. c3 d5 3. exd5 Qxd5 4. d4 Nf6 5. Nf3 e6 6. Na3 cxd4 7. Nb5 Qd8 8. Nbxd4 Be7 9. Bd3 O-O 10. Qe2 Nbd7 11. h4 h6 12. Bc2 Re8 13. Be3 Nd5 14. O-O-O Qa5 15. Kb1 N7b6 16. Qd3 Nf6 17. g4 e5 18.
Nb3 Qd5 19. Qxd5 Nfxd5 20. Bxb6 Nxb6 21. Nxe5 Bf6 22. Rhe1 Bxh4 23. Nf3 Bxg4 24. Nxh4 Bxd1 25. Rxd1 Rad8 26. Rxd8 Rxd8 27. Nd4 Nc4 28. Nhf3 Re8 29. Bb3 Ne5 30. Nxe5 Rxe5 31. Kc2 g5 32. Kd2 Kg7 33.
Bc2 h5 34. c4 h4 35. Nf3 Rc5 36. b4 Rxc4 37. Nxg5 Rxb4 38. Nf3 Rf4 39. Ke3 Rb4 40. Bb3 h3 41. Nh2 a5 42. Kf3 a4 43. Bd5 Rb2 44.
Kg3 b5 45. Kxh3 Rxf2 46. Kg3 Rd2 47. Bc6 Rb2 48. Nf3 a3 49. Bd5 b4 50. Nd4 Rd2 51.
Nf5+ Kf6 52. Be4 Rxa2 53. Nd4 Rd2 0-1

[Event "Early-Titled-Tuesday-Blitz-May-07-2024"]
[Site "Chess.com"]
[Date "2024.05.07"]
[Round "8"]
[White "littlepinkyboy"]
[Black "XDPS"]
[Result "0-1"]
[WhiteElo "2656"]
[BlackElo "2837"]
[TimeControl "180+1"]
[EndTime "9:35:28 PDT"]
[Termination "XDPS won by resignation"]

1. e4 c5 2. Nf3 e6 3. d4 cxd4 4.
Nxd4 a6 5. Bd3 Bc5 6. Nb3 Ba7 7. c4 Nc6 8. O-O Nf6 9. Nc3 d6 10. Qe2 O-O 11. Be3 e5 12. Bxa7 Rxa7 13. Nd5 Be6 14.
Rfd1 Nd7 15. f4 exf4 16. Nxf4 Nde5 17. c5 Bg4 18. Qf2 Bxd1 19. Rxd1 dxc5 20. Be2 Qg5 21. Nxc5 Ng4 22. Rd5 Qxd5 23. exd5 Nxf2 24. dxc6 bxc6 25.
Kxf2 a5 26. a4 Rb8 27. Bc4 Rxb2+ 28. Kf3 Rb4 29. Bd3 g6 30. Be4 Re7 31. Nfd3 Rc4 32. g4 Kg7 33. g5 h6 34. h4 hxg5 35. hxg5 Re8 36. Kf4 Rh8 37. Kg3 Rh5 38. Kg4 Rh2 39.
Kg3 Rd2 40. Bxc6 Rxd3+ 41. Nxd3 Rxc6 42. Ne5 Rc5 43. Kf4 Rd5 44. Ke4 Rd1 45. Nd7 Ra1 46. Nc5 Rg1 47. Nb3 Rxg5 48. Kf4 Rh5 49. Kg4 Rd5 50.
Kf4 f5 51. Ke3 Kf6 52. Nc1 Ke5 53. Ne2 g5 54. Nc3 f4+ 55. Ke2 g4 56. Nxd5 Kxd5 57. Kf2 Kc4 58. Ke2 Kb4 0-1

[Event "Early-Titled-Tuesday-Blitz-May-07-2024"]
[Site "Chess.com"]
[Date "2024.05.07"]
[Round "8"]
[White "HajiyevKanan"]
[Black "Gareth-Bale11"]
[Result "0-1"]
[WhiteElo "2578"]
[BlackElo "2896"]
[TimeControl "180+1"]
[EndTime "9:35:29 PDT"]
[Termination "Gareth-Bale11 won on time"]

1. d4 Nf6 2. Nf3 d5 3. c4 e6 4. cxd5 exd5 5. Nc3 Bb4 6. Qa4+ Nc6 7. Bg5 h6 8. Bxf6 Qxf6 9. e3 O-O 10. a3 Bxc3+ 11. bxc3 Qg6 12. Be2 Qxg2 13. Rg1 Qh3 14. Rg3 Qf5 15.
O-O-O Qf6 16. Rdg1 g6 17. Bd3 Ne7 18. Qc2 Bf5 19. Ne5 Kg7 20. f4 c5 21. h4 c4 22.
Bxf5 Nxf5 23. Nd7 Qe7 24. Qxf5 Qxa3+ 25. Kd2 Qb2+ 26. Qc2 Qxc2+ 27. Kxc2 Rfe8 28. Ne5 h5 29. f5 b5 30. Kd2 a5 31. fxg6 f6 32. Nf7 Ra6 33.
Rb1 Rb6 34. Ra1 Ra6 35. Rb1 Rb6 36. Rf1 Re4 37. Rf5 Rxh4 38. Rxd5 Rg4 39. Rh3 Rg2+ 40.
Kc1 b4 41. Rxa5 bxc3 42. Rhxh5 c2 43. Ra1 Kxg6 44. Rh1 Kxf7 45. Ra7+ Ke6 46. Ra1 Rb3 47. Re1 f5 48. e4 fxe4 49. Rxe4+ Kd5 50. Re1 Kxd4 51.
Rf1 Re2 52. Rg1 Rd3 53. Rf1 Rg2 54. Re1 Rd1+ 55. Rxd1+ cxd1=Q+ 56. Kxd1 Rg1+ 0-1

[Event "Early-Titled-Tuesday-Blitz-May-07-2024"]
[Site "Chess.com"]
[Date "2024.05.07"]
[Round "8"]
[White "kekic76"]
[Black "Alina_Gumerovna"]
[Result "0-1"]
[WhiteElo "2334"]
[BlackElo "2194"]
[TimeControl "180+1"]
[EndTime "9:35:29 PDT"]
[Termination "Alina_Gumerovna won on time"]

1. c4 Nf6 2. Nc3 g6 3. Nf3 Bg7 4. g3 O-O 5. Bg2 d6 6. O-O c6 7.
d3 e5 8. e4 a5 9. Be3 Na6 10. a3 Nc7 11. b4 axb4 12. axb4 Rxa1 13. Qxa1 b5 14. cxb5 Nxb5 15. Nxb5 cxb5 16. Rc1 Ng4 17.
Bd2 Qb6 18. Rf1 d5 19. h3 dxe4 20. dxe4 Nh6 21. Be3 Qb8 22. Bxh6 Bxh6 23. Qxe5 Qxe5 24. Nxe5 Be6 25. Rd1 Rc8 26. Nd3 Bc4 27. Nc5 Bf8 28. Na6 Ra8 29. Ra1 Bxb4 30. e5 Ra7 31. Bc6 Bc3 32. Ra3 b4 33. Ra4 Rxa6 34. Rxa6 Bxa6 35. Bd5 Bb5 36. Bb3 Bxe5 37. f4 Bc3 38. Kf2 Kf8 39. Ke3 Bd7 40. g4 Ke7 41. Ke4 h5 42.
gxh5 gxh5 43. f5 Kf6 44. Kf4 Bxf5 45. Kg3 Kg5 46. h4+ Kf6 47. Bc4 Be6 48. Bxe6 fxe6 49. Kf3 b3 50. Ke3 b2 0-1

[Event "Early-Titled-Tuesday-Blitz-May-07-2024"]
[Site "Chess.com"]
[Date "2024.05.07"]
[Round "8"]
[White "alpope"]
[Black "Rhesh29"]
[Result "1-0"]
[WhiteElo "2532"]
[BlackElo "2392"]
[TimeControl "180+1"]
[EndTime "9:35:30 PDT"]
[Termination "alpope won on time"]

1. g3 g6 2. Bg2 Bg7 3. e4 d6 4. d4 Nf6 5. Nc3 O-O 6. Nge2 c5 7. O-O cxd4 8. Nxd4 Nfd7 9. a4 Ne5 10. h3 Nc4 11. Ra2 Na6 12. b3 Nb6 13. Be3 Nb4 14. Ra1 Bd7 15. Nd5 N6xd5 16. exd5 Rc8 17. c4 a5 18. Re1 Re8 19. Qd2 Na6 20. Re2 Nc5 21. Qc2 Bf5 22. Qc3 h5 23. Rd1 Qd7 24. Kh2 Qd8 25. f3 Be5 26. f4 Bg7 27. Bf2 Bd7 28. Qf3 e5 29. dxe6 fxe6 30. Qe3 e5 31. fxe5 Bxe5 32.
Nb5 Bf5 33. Bd5+ Kh7 34. Qf3 Qf6 35. Bxc5 Rxc5 36. Rf1 Rf8 37. Kg2 Qg5 38. h4 Qf6 39. Kg1 b6 40. Be4 Bg4 41. Qxf6 Rxf6 42. Rxf6 Bxf6 43. Rf2 Kg7 44. Bd5 Rc8 45. Kg2 Rd8 46. Rf1 Be5 47. Rf7+ Kh6 48. Rb7 Rf8 49. Rf7 Rd8 50.
Nc7 Rc8 51. Ne6 Rh8 52. Ng5 Bd4 53. Kf1 1-0

[Event "Early-Titled-Tuesday-Blitz-May-07-2024"]
[Site "Chess.com"]
[Date "2024.05.07"]
[Round "8"]
[White "vugarrasulov"]
[Black "Firouzja2003"]
[Result "0-1"]
[WhiteElo "2976"]
[BlackElo "3205"]
[TimeControl "180+1"]
[EndTime "9:35:31 PDT"]
[Termination "Firouzja2003 won on time"]

1. e4 c5 2. Nc3 d6 3. Nge2 Nf6 4. g3 g6 5. Bg2 Bg7 6. O-O O-O 7. d3 Nc6 8. f4 Rb8 9. h3 Bd7 10. g4 b5 11. Ng3 b4 12. Nce2 Nd4 13. Nxd4 cxd4 14. g5 Ne8 15. h4 a5 16. h5 Rc8 17. hxg6 fxg6 18. a3 bxa3 19. Rxa3 Rc5 20. Rf2 Nc7 21. Bd2 a4 22. Ra1 Qb8 23. Rb1 Be6 24. f5 Ba2 25. Ra1 Qxb2 26. Be1 Nb5 27. c4 dxc3 28. Rxa2 Bd4 29. Kh2 Bxf2 30. Rxb2 cxb2 31. Bxf2 Rc1 32. Qg4 b1=Q 33. f6 Qa2 34.
fxe7 Re8 35. Qd7 Nc7 36. Bb6 Qe6 37. Qxa4 Qxe7 38. Qa3 Rc6 39. Be3 Ra6 40. Qc3 Ne6 41. e5 dxe5 42. Ne4 Ng7 43. Qc4+ Re6 44. Nf6+ Kh8 45. Nxe8 Qxe8 46. Qe4 Qd8 47. Qg4 Rd6 48. Be4 Qd7 49. Qf3 Nf5 50. Bf2 Kg7 51. Be1 Qe7 52.
Bc3 Re6 53. Bxf5 gxf5 54. Qxf5 Kg8 55. Kg3 Qf7 56. Kg4 h5+ 57. gxh6 Rg6+ 0-1

[Event "Early-Titled-Tuesday-Blitz-May-07-2024"]
[Site "Chess.com"]
[Date "2024.05.07"]
[Round "8"]
[White "ahkashefi2800"]
[Black "Ryukchess81"]
[Result "0-1"]
[WhiteElo "2588"]
[BlackElo "2435"]
[TimeControl "180+1"]
[EndTime "9:35:31 PDT"]
[Termination "Ryukchess81 won on time"]

1. d4 d5 2. c4 e6 3. Nc3 Be7 4. cxd5 exd5 5. Qc2 c6 6. Bf4 g6 7. e3 Bf5 8. Bd3 Bxd3 9. Qxd3 Nf6 10. Nge2 O-O 11.
O-O Re8 12. a3 a5 13. Rab1 Nbd7 14. Rfc1 Nb6 15. a4 Nc4 16. b3 Nd6 17. Bxd6 Bxd6 18. Ng3 Qe7 19. Nf1 h5 20. Rc2 Nd7 21.
Re2 Nb8 22. e4 dxe4 23. Rxe4 Qf8 24. Rbe1 Na6 25. g4 hxg4 26. Qe2 Rxe4 27. Nxe4 f5 28. Qc4+ Kg7 29. Nxd6 Qxd6 30. Re6 Qd7 31. Qe2 Kf7 32. Re5 Re8 33. Qc4+ Kf6 34. Rxa5 Nc7 35. Ne3 f4 36.
Nf1 Nd5 37. Qc1 Re4 38. Rc5 Qe6 39. Qa1 Re1 40. Rc1 Re2 41. Qa3 Kf7 42. b4 Qe4 43. b5 Ne3 44. Nxe3 fxe3 45. Qb3+ Kg7 46. Rf1 Qf3 47. Qxe3 Rxe3 48. fxe3 Qxe3+ 49. Kg2 Qxd4 50. bxc6 bxc6 51. a5 Qa4 52. Kg3 Qxa5 53. Kxg4 Qd2 54. Rf4 c5 55. h4 c4 56. Re4 c3 57. Re6 c2 0-1

[Event "Early-Titled-Tuesday-Blitz-May-07-2024"]
[Site "Chess.com"]
[Date "2024.05.07"]
[Round "8"]
[White "GMKrikor"]
[Black "Puzzlebot_1294"]
[Result "0-1"]
[WhiteElo "2841"]
[BlackElo "2658"]
[TimeControl "180+1"]
[EndTime "9:35:32 PDT"]
[Termination "Puzzlebot_1294 won by resignation"]

1. Nf3 Nf6 2. c4 b6 3. Nc3 Bb7 4. d4 e6 5. e3 Bb4 6. Bd2 O-O 7. Bd3 Bxc3 8. Bxc3 Ne4 9. Bxe4 Bxe4 10. d5 Bxf3 11.
gxf3 f6 12. Rg1 e5 13. f4 d6 14. Qg4 Qd7 15. Qh5 exf4 16. O-O-O Qf7 17. Qh3 fxe3 18.
fxe3 Nd7 19. Rg3 Ne5 20. Rdg1 Ng6 21. Qh5 Rfe8 22. Rh3 Nf8 23. Qh4 Kh8 24. Rhg3 g6 25.
Bxf6+ Kg8 26. Bd4 Re7 27. Bc3 Rae8 28. Qd4 Re5 29. h4 Qf5 30. Qf4 Qxf4 31. exf4 Rf5 32. Rg5 Rxg5 33. hxg5 Re4 34. b3 Rxf4 35. Re1 Rf7 36. a4 Nd7 37. Bd4 Ne5 38. Kc2 Nf3 39. Re4 Nxd4+ 40. Rxd4 Rf5 41. Rg4 Re5 42. Kd3 Kf7 43.
Kd4 Kg7 44. b4 h6 45. gxh6+ Kxh6 46. a5 Kh5 47. Rf4 Rf5 48. Re4 g5 49. Re7 g4 50.
Rh7+ Kg6 51. Rxc7 g3 52. Rc8 Kg7 53. Rc7+ Rf7 54. Rxf7+ Kxf7 55. Ke3 bxa5 56. c5 axb4 57. c6 Ke7 58. Kf3 b3 59. Kxg3 b2 60. c7 Kd7 0-1

[Event "Early-Titled-Tuesday-Blitz-May-07-2024"]
[Site "Chess.com"]
[Date "2024.05.07"]
[Round "8"]
[White "Mischuk_D"]
[Black "andriipalchuk"]
[Result "1-0"]
[WhiteElo "2808"]
[BlackElo "2620"]
[TimeControl "180+1"]
[EndTime "9:35:32 PDT"]
[Termination "Mischuk_D won on time"]

1. d4 Nf6 2. c4 e6 3. g3 d5 4.
Bg2 dxc4 5. Qa4+ Nbd7 6. Qxc4 a6 7. Be3 b5 8. Qc1 Rb8 9. Nd2 Nd5 10. Nb3 Nxe3 11. Qxe3 Bb4+ 12. Kf1 O-O 13. Rc1 Nb6 14. Rc2 Nc4 15. Qd3 e5 16. Nf3 Qe7 17. dxe5 Nxe5 18.
Nxe5 Qxe5 19. Qd4 Qe7 20. Rc1 Bd6 21. h4 Be6 22. Bd5 Bg4 23. Bf3 Bf5 24. Kg2 Rbd8 25. Qa7 Be6 26. Qxa6 Bc4 27. Rxc4 bxc4 28. Qxc4 Rb8 29.
Qc2 Rb4 30. Nd2 Rfb8 31. b3 g6 32. h5 Kg7 33. Nc4 Qf6 34. Rd1 Re8 35. Qd2 Rbb8 36. h6+ Kg8 37. Nxd6 cxd6 38. Qxd6 Qg5 39. Qf4 Qxf4 40.
gxf4 Kf8 41. Rd2 Red8 42. Rb2 Rb4 43. e3 Rdb8 44. Bd5 R4b5 45. Bc4 Rc5 46. Rd2 Rb7 47.
a4 Ke7 48. Ra2 Ra7 49. Be2 Rb7 50. a5 Rcc7 51. Bc4 Ra7 52. a6 Rc6 53. Kf3 Rb6 54.
Rd2 f5 55. Rd5 Kf6 56. Rd8 g5 57. fxg5+ Kxg5 58. Rg8+ Kxh6 59. Kf4 Rg6 60. Rxg6+ hxg6 61. b4 Rc7 62. Be2 Re7 63. b5 Re4+ 64. Kf3 Ra4 65.
b6 Kg5 66. b7 1-0

[Event "Early-Titled-Tuesday-Blitz-May-07-2024"]
[Site "Chess.com"]
[Date "2024.05.07"]
[Round "8"]
[White "Thjop"]
[Black "CSB7"]
[Result "1/2-1/2"]
[WhiteElo "2607"]
[BlackElo "2766"]
[TimeControl "180+1"]
[EndTime "9:35:32 PDT"]
[Termination "Game drawn by repetition"]

1. e4 e5 2. Nf3 Nf6 3. Nxe5 d6 4.
Nf3 Nxe4 5. d4 d5 6. Bd3 Bd6 7.
Nbd2 Bf5 8. O-O O-O 9. Re1 Re8 10. Ne5 Nd7 11. f3 Nxe5 12. fxe4 Nxd3 13. cxd3 dxe4 14.
dxe4 Bg6 15. g3 Bb4 16. d5 c6 17. Qb3 Bc5+ 18. Kg2 cxd5 19. Qxb7 Rb8 20. Qc6 Rc8 21. Qb5 dxe4 22. Nb3 Bb6 23. Be3 Bxe3 24. Rxe3 Rc2+ 25. Re2 Rxe2+ 26. Qxe2 e3 27. Re1 Qd5+ 28. Kg1 h5 29. Qa6 Bd3 30. Qa4 Re6 31. Qd4 Qf5 32. Qf4 Qxf4 33. gxf4 e2 34. Kf2 Re4 35. Kf3 f5 36.
Nc1 Bc4 37. b3 Ba6 38. Nxe2 Bb7 39. Kf2 Kf7 40. Rc1 Ba6 41. Rc7+ Kg6 42. Ng3 Rxf4+ 43.
Ke3 Rg4 44. Rc6+ Kg5 45. Rxa6 f4+ 46. Kf3 fxg3 47. hxg3 Rd4 48. Ra5+ Kh6 49. Rxa7 g5 50. a4 Rd3+ 51. Kg2 Rxb3 52. a5 Ra3 53. a6 h4 54.
gxh4 gxh4 55. Kh2 Kg6 56. Ra8 Kh7 57. Kg2 Kg7 58. Kh2 Kh7 59. Kg2 Kg7 60. a7 h3+ 61. Kh2 Kh7 62. Kg1 Kg7 63. Kh2 Kh7 64. Kg1 Kg7 65.
Kh2 1/2-1/2

[Event "Early-Titled-Tuesday-Blitz-May-07-2024"]
[Site "Chess.com"]
[Date "2024.05.07"]
[Round "8"]
[White "Lady_Nika"]
[Black "Guldona_2007"]
[Result "1-0"]
[WhiteElo "2481"]
[BlackElo "2189"]
[TimeControl "180+1"]
[EndTime "9:35:33 PDT"]
[Termination "Lady_Nika won on time"]

1. g4 d5 2. h3 c5 3. e3 Nc6 4. d4 g6 5. Bg2 cxd4 6. exd4 Bg7 7. c3 e6 8. Ne2 Nge7 9. O-O O-O 10. f4 b5 11. a3 a5 12. Be3 Rb8 13. Nd2 Ba6 14.
b4 a4 15. Nf3 Bc8 16. Ne5 Bd7 17.
Nd3 Nc8 18. Nc5 Nd6 19. Ng3 f5 20. Qe2 Ne4 21. Ngxe4 fxe4 22. Rf2 Na7 23. Raf1 Nc8 24. h4 Nd6 25. h5 gxh5 26. gxh5 Nf5 27. Qd2 Kh8 28. Bh3 Qe7 29. Bxf5 exf5 30. Kh1 Be8 31. Rh2 Bh6 32. Qe2 Bf7 33. Rg1 Rg8 34. Rxg8+ Bxg8 35. Qg2 Qd6 36. Qg3 Bf7 37. Rf2 Qf6 38. Nd7 Qd8 39.
Nxb8 Qxb8 40. Qh4 Qd6 41. Rg2 Be8 42. Qg3 Bf7 43. Qh3 Qf6 44. Bf2 Bxf4 45. Bh4 Qe6 46. Rf2 Bh6 47. Rxf5 Bg7 48. Qf1 Kg8 49. Bf6 Bxf6 50.
Rxf6 Qe7 51. Qg2+ Kh8 52. Rf5 e3 53. Re5 Qf6 54. Rxe3 Qh4+ 55. Qh2 1-0

[Event "Early-Titled-Tuesday-Blitz-May-07-2024"]
[Site "Chess.com"]
[Date "2024.05.07"]
[Round "8"]
[White "ImportedItalianMaple"]
[Black "sonicdravise"]
[Result "1/2-1/2"]
[WhiteElo "2508"]
[BlackElo "2630"]
[TimeControl "180+1"]
[EndTime "9:35:34 PDT"]
[Termination "Game drawn by repetition"]

1. e4 c5 2. Nf3 d6 3. Bb5+ Nd7 4. O-O Nf6 5. Re1 a6 6. Bf1 g6 7. c3 Bg7 8. d4 O-O 9. h3 b5 10. e5 Ne8 11. exd6 Nxd6 12. Bg5 Re8 13. dxc5 Nxc5 14. Qd5 Ncb7 15. Nbd2 h6 16. Bf4 e6 17. Qd3 Nf5 18. Qc2 Nc5 19. Rad1 Qe7 20. b4 Na4 21. Ne4 Bb7 22. Nd6 Bxf3 23. gxf3 Nxd6 24. Bxd6 Qg5+ 25. Bg3 Nxc3 26. Rd7 Nd5 27. a3 Rac8 28. Qd1 h5 29. h4 Qh6 30. Bh3 Red8 31. Rxd8+ Rxd8 32. Qc2 Bf6 33. Qc6 Qd2 34. Rf1 Nf4 35. Kh2 Nxh3 36. Kxh3 Qd3 37. Kg2 Qc4 38. Qxa6 Bxh4 39. Qb6 Rd5 40.
Qb8+ Kg7 41. Re1 Bxg3 42. Qxg3 Qd4 43. f4 Qf6 44. Qf3 Rf5 45. Re4 e5 46. Qc3 Rxf4 47. Qxe5 Rxe4 48. Qxe4 Qg5+ 49. Kh2 Qf6 50. Kg2 Qb2 51. Qd5 Qxa3 52. Qe5+ Kg8 53. Qe8+ Kg7 54. Qe5+ Kf8 55. Qd6+ Ke8 56. Qc6+ Ke7 57. Qc5+ Kf6 58. Qd6+ Kf5 59. Qd5+ Kf6 60. Qd6+ Kg7 61. Qe5+ 1/2-1/2

[Event "Early-Titled-Tuesday-Blitz-May-07-2024"]
[Site "Chess.com"]
[Date "2024.05.07"]
[Round "8"]
[White "dzhumagaliev"]
[Black "AttilaTurzo"]
[Result "1-0"]
[WhiteElo "2845"]
[BlackElo "2462"]
[TimeControl "180+1"]
[EndTime "9:35:35 PDT"]
[Termination "dzhumagaliev won on time"]

1. Nf3 d5 2. g3 c6 3. Bg2 Bf5 4. O-O Nd7 5. d3 e5 6. Nbd2 Ngf6 7.
Re1 h6 8. e4 dxe4 9. dxe4 Be6 10. c3 a5 11. a4 Bc5 12. Nf1 Ng4 13. Re2 Qb6 14. Ne3 Nxe3 15. Bxe3 Bxe3 16. Rxe3 O-O 17.
Qc2 Rfd8 18. Re2 Bg4 19. h3 Bxf3 20. Bxf3 Nc5 21. Kg2 Qb3 22. Qxb3 Nxb3 23. Ra3 Nc5 24. Rc2 Ra6 25. Be2 Rb6 26. f3 Rb3 27. Ra1 Kf8 28.
Kf2 Ke7 29. Ke3 Rb6 30. Bc4 Nb3 31. Ra3 Nc5 32. Ke2 g5 33. h4 gxh4 34. gxh4 Rg8 35.
Kf2 Ne6 36. Bf1 Nf4 37. Ra1 c5 38. Rd1 Rd8 39. Rxd8 Kxd8 40. Bc4 Ke7 41. Rd2 Rd6 42. Rxd6 Kxd6 43. Bxf7 Nd3+ 44. Ke3 Nxb2 45. Bb3 c4 46. Bc2 b5 47. axb5 a4 48. Bb1 a3 49. f4 exf4+ 50.
Kxf4 Nd3+ 51. Ke3 Kc5 52. Ba2 Nc1 53. e5 Nxa2 54. e6 Kd6 55. b6 Nxc3 56. b7 1-0